 Dungeon Crawl Stone Soup version 0.29-a0-824-gd827844252 (webtiles) character file.

Game seed: 6876420911321672082

175 LynnLen the Sneak (level 5, -6/30 HPs)
             Began as a Vampire Enchanter on July 11, 2022.
             Mangled by a bullfrog (7 damage)
             ... in a sewer.
             The game lasted 00:10:19 (2847 turns).

LynnLen the Sneak (Vampire Enchanter)               Turns: 2847, Time: 00:10:20

Health: -6/30      AC:  3    Str:  7    XL:     5   Next: 29%
Magic:  6/8        EV:  9    Int: 18    God:
Gold:   54         SH:  0    Dex: 16    Spells: 2/8 levels left

rFire   . . .      SeeInvis +   a - +1 dagger
rCold   + + .      Faith    .   (no shield)
rNeg    + + +      Spirit   .   f - +0 leather armour
rPois   ∞          Reflect  .   (no helmet)
rElec   .          Harm     .   (no cloak)
rCorr   .          Rampage  .   (no gloves)
Will    .....                   (no boots)
Stlth   +++.......              (no amulet)
HPRegen 0.00/turn               (no ring)
MPRegen 0.11/turn               (no ring)

@: bloodless, inhibited regen, constricted, invisible, very slow
A: bloodless, fangs 3, see invisible, vampiric 2
a: Bat Form, Revivify


You were in a sewer.
You visited 1 branch of the dungeon, and saw 3 of its levels.
You also visited: Sewer.

You collected 54 gold pieces.

Inventory:

Hand Weapons
 a - a +1 dagger (weapon)
Missiles
 d - 6 atropa-tipped darts (quivered)
Armour
 f - a +0 leather armour (worn)
Jewellery
 i - a ring of poison resistance
Wands
 j - a wand of quicksilver (11)
Scrolls
 e - a scroll of poison {unknown}
 h - a scroll of blinking
Potions
 g - a potion of haste


   Skills:
 * Level 1.9 Fighting
 * Level 3.2 Short Blades
 + Level 3.0 Dodging
 + Level 6.5 Stealth
 - Level 2.0 Spellcasting
 - Level 4.4 Hexes


You had 2 spell levels left.
You knew the following spells:

 Your Spells              Type           Power      Damage    Failure   Level
a - Confusing Touch       Hex            17%        N/A       14%         3
b - Tukima's Dance        Hex            17%        N/A       14%         3

Your spell library contained the following spells:

 Spells                   Type           Power      Damage    Failure   Level
 Ensorcelled Hibernation  Hex/Ice        18%        N/A       17%         2
 Necrotise                Necr           4%         1d4       26%         1
 Static Discharge         Conj/Air       1%         3-4/arc   38%         2
 Dazzling Flash           Conj/Hex       18%        N/A       32%         3
 Vampiric Draining        Necr           1%         2d6       63%         3
 Dispel Undead            Necr           1%         3d6       95%         4
 Sticky Flame             Conj/Fire      1%         2d3       95%         4
 Agony                    Necr           1%         N/A       100%        5


Dungeon Overview and Level Annotations

Branches:
Dungeon (3/15)              Sewer (1/1)

Altars:
Sif Muna

Annotations:
D:2 Natasha


Innate Abilities, Weirdness & Mutations

You do not regenerate when monsters are visible.
You are frail without blood (-20% HP).
You can heal yourself when you bite living creatures.
You are immune to poison.
You have razor-sharp teeth.
You have supernaturally acute eyesight. (SInv)
You are afflicted with vampirism and can become a bat while bloodless.


Message History

The ball python bites you but does no damage.
The ball python grabs you. The ball python constricts you.
The bullfrog hits you!
Your unstable footing causes you to fumble your attack.
The bullfrog misses you. The bullfrog hits you.
The ball python bites you but does no damage.
The ball python constricts you.
* * * LOW HITPOINT WARNING * * *
Your unstable footing causes you to fumble your attack.
The bullfrog hits you.
* * * LOW HITPOINT WARNING * * *
The bullfrog barely misses you.
The ball python bites you but does no damage.
The ball python constricts you.
* * * LOW HITPOINT WARNING * * *
The bullfrog barely misses you.
Okay, then.
Blink to where?
Press: ? - help, Dir - move target You escape the ball python's grasp.
As you read the scroll of blinking, it crumbles to dust.
The bullfrog snags a nearby moth with its tongue.
You fade into invisibility!
The bullfrog barely misses you.
The bullfrog snags a nearby millipede with its tongue.
The bullfrog closely misses you.
You enter the shallow water.
Moving in this stuff is going to be slow. ...and don't expect to remain undetected.
The bullfrog barely misses you. The bullfrog attacks as you move away!
The bullfrog barely misses you. x2
The ball python barely misses you. The ball python grabs you.
The ball python constricts you.
The bullfrog hits you but does no damage.
The bullfrog closely misses you. The ball python bites you.
* * * LOW HITPOINT WARNING * * *
The ball python constricts you. The bullfrog barely misses you.
The ball python's grasp on you weakens, but your attempt to escape fails.
The bullfrog hits you!
You die...

#####################
......≈÷.≈≈.≈≈≈.....##
≈≈≈≈≈≈≈≈≈≈≈≈≈≈≈≈≈≈≈..#
†≈≈≈≈≈≈≈≈≈≈≈≈≈≈≈≈≈≈≈.#
≈≈≈≈≈≈≈≈≈≈≈≈≈≈≈≈≈≈≈≈.#
≈≈≈.≈≈≈≈≈≈≈≈≈††.≈≈≈≈.#
########≈≈≈≈≈≈≈≈.≈≈≈.#
# ##≈≈≈≈≈≈≈≈FSF≈≈.# #
#≈≈≈≈≈≈≈≈≈≈@≈≈≈.# #
#≈≈≈≈≈≈≈≈≈≈≈≈≈≈.# #
#≈≈≈≈≈≈≈≈≈≈≈≈≈≈≈.# #
#≈≈∩.≈≈≈≈≈≈≈≈≈≈≈.# #
#≈≈..≈...≈≈≈≈≈≈≈.# #
#≈≈≈≈≈.≈.≈≈≈≈≈≈≈≈.# #
#≈≈≈≈≈.≈≈.≈≈≈≈≈≈≈.#
### #
#≈≈≈≈≈?/.≈≈≈≈≈≈≈≈.#
#.# #
≈≈≈≈.!(?≈≈≈≈≈≈≈≈.# #∩#


You could see 2 bullfrogs and a ball python.

Vanquished Creatures
  An orc priest (D:3)
  An orc wizard (D:3)
  A river rat (D:3)
  5 adders (Sewer)
  5 orcs (D:3)
  9 ball pythons
  An endoplasm (D:1)
  8 giant cockroaches
  5 goblins
  5 hobgoblins
  6 quokkas
  2 bats
  10 frilled lizards
  5 rats
64 creatures vanquished.

Notes
Turn   | Place    | Note
-------+----------+-------------------------------------------
     0 | D:1      | LynnLen the Vampire Enchanter began the quest for the Orb.
     0 | D:1      | Reached XP level 1. HP: 13/13 MP: 3/3
   161 | D:1      | Reached XP level 2. HP: 12/20 MP: 5/5
   556 | D:1      | Reached skill level 5 in Stealth
  1356 | D:2      | Noticed Natasha
  1557 | D:3      | Reached skill level 1 in Fighting
  1690 | D:3      | Gained mutation: You are afflicted with vampirism and can
                  | become a bat while bloodless. [Vampire growth]
  1690 | D:3      | Reached XP level 3. HP: 20/20 MP: 6/6
  1692 | D:3      | Found a shimmering blue altar of Sif Muna.
  1841 | D:3      | Reached skill level 6 in Stealth
  1841 | D:3      | Reached XP level 4. HP: 25/25 MP: 7/7
  1905 | D:3      | Found a glowing drain.
  1949 | Sewer    | Entered a sewer
  2112 | Sewer    | Learned a level 3 spell: Confusing Touch
  2116 | Sewer    | Learned a level 3 spell: Tukima's Dance
  2467 | Sewer    | Reached XP level 5. HP: 30/30 MP: 8/8
  2846 | Sewer    | HP: 1/30 [ball python (1)]
  2847 | Sewer    | Mangled by a bullfrog

Illustrated notes

Levels and vault maps discovered:
D:1:      psy_arrival_whirlpool, layout_basic, serial_park_tiny_2
D:2:      layout_loops_ring, minivault_4, uniq_natasha
D:3:      layout_basic, kennysheep_orc_sif_temple, portal_sewer_entry_b,
          uniq_robin, uniq_sigmund
Sewer:    sewer_frog_island_01

Skill      XL: |  1  2  3  4  5 |
---------------+----------------+-----
Stealth        | 5 6 |  6.5
Fighting       | 1 |  1.9
Short Blades   | 2 3 |  3.2
Dodging        | 3 |  3.0
Spellcasting   | |  2.0
Hexes          | |  4.4

Action                   |  1- 3 |  4- 6 || total
-------------------------+-------+-------++-------
Melee: Dagger            |    76 |   138 ||   214
       Bite              |     9 |    15 ||    24
       Punch             |       |     1 ||     1
 Cast: Confusing Touch   |       |     4 ||     4
 Abil: Exsanguinate      |     1 |       ||     1
  Use: Scroll            |     2 |     1 ||     3
       Potion            |     1 |     2 ||     3
 Stab: Sleeping          |    10 |     5 ||    15
       Invisible         |     1 |     2 ||     3
       Confused          |       |     1 ||     1
Armor: Robe              |     3 |       ||     3
       Leather armour    |    13 |    37 ||    50
Dodge: Dodged            |    34 |    94 ||   128

Table legend: (Time is in decaauts)
 A = Elapsed time spent in this place.
 B = Non-inter-level travel time spent in this place.
 C = Inter-level travel time spent in this place.
 D = Time resting spent in this place.
 E = Time spent auto-exploring this place.
 F = Levels seen in this place.
 G = Mean time per level.
                   A        B        C        D        E       F      G
               +--------+--------+--------+--------+--------+-----+--------+
         Total |   2871 |   2871 |      0 |    904 |    935 |   4 |  717.8 |
       Dungeon |   1944 |   1944 |      0 |    371 |    903 |   3 |  648.0 |
         Sewer |    927 |    927 |      0 |    533 |     32 |   1 |  927.0 |
               +--------+--------+--------+--------+--------+-----+--------+

Top non-repeatable levels by time:
     D:1: 931 daAuts
   Sewer: 927 daAuts
     D:3: 585 daAuts
     D:2: 427 daAuts
